 Dungeon Crawl Stone Soup version 0.26-a0-602-gd42a14c23b (webtiles) character file.

Game seed: 9052969863105726885

1 ANON1729 the Sneak (level 1, -6/16 HPs)
             Began as an Octopode Delver on Aug 30, 2020.
             Mangled by an orc
             ... wielding a +0 war axe
              (9 damage)
             ... on level 3 of the Dungeon.
             The game lasted 00:00:50 (92 turns).

ANON1729 the Sneak (Octopode Delver)                  Turns: 92, Time: 00:00:51

Health: -6/16      AC:  5    Str: 11    XL:     1   Next: 20%
Magic:  1/1        EV: 13    Int: 12    God:
Gold:   0          SH:  0    Dex: 13    Spells: 0/0 levels left

rFire    . . .     SeeInvis .     - Unarmed
rCold    . . .     Faith    .   (no shield)
rNeg     . . .     Spirit   .   (helmet restricted)
rPois    .         Reflect  .   (no amulet)
rElec    .         Harm     .   d - +4 ring of protection
rCorr    .                      (no ring)
MR       .....                  (no ring)
Stlth    ++++......             (no ring)
HPRegen  0.05/turn              (no ring)
MPRegen  0.07/turn              (no ring)
                                (no ring)
                                (no ring)

@: lethally poisoned (-6 -> -10), hasted, very quick
A: almost no armour, stealthy swim, amphibious, 8 rings, constrict 8, camouflage
1, gelatinous body 1
a: no special abilities


You were on level 3 of the Dungeon.
You visited 1 branch of the dungeon, and saw 3 of its levels.

Inventory:

Jewellery
 d - a +4 ring of protection (left tentacle)
Wands
 e - a wand of digging (3)
Scrolls
 a - a scroll of fog
 b - a scroll of magic mapping
 c - a scroll of fear


   Skills:
 + Level 3.0 Fighting
 + Level 2.0 Dodging
 + Level 6.6 Stealth
 + Level 2.0 Unarmed Combat


You couldn't memorise any spells.
You didn't know any spells.
Your spell library was empty.

Dungeon Overview and Level Annotations

Branches:
Dungeon (5/15)
 Temple: D:4-7

Altars:
Makhleb
Uskayaw
Yredelemnul

Shops:
D:4 ?

Annotations:
D:3 Edmund


Innate Abilities, Weirdness & Mutations

You cannot wear most types of armour.
You are very stealthy in the water. (Stealth+)
You are amphibious.
You can wear up to eight rings at the same time.
You can use your tentacles to constrict eight enemies at once.
Your skin changes colour to match your surroundings (Stealth+).
Your rubbery body absorbs attacks. (AC +1, EV +1)


Message History

Found a club.
* * * LOW HITPOINT WARNING * * *
You feel sick.
Found a moonstone ring.
An orc comes into view. It is wielding a +0 war axe.
* * * LOW HITPOINT WARNING * * *
You feel sick.
An orc comes into view. It is wielding a +0 dagger.
Found a hide-covered altar of Uskayaw.
You see here a moonstone ring.
d - a moonstone ring The orc shouts! x2; You hear a shout! x2
An orc priest comes into view. It is wielding a +0 dagger.
You aren't carrying any potions.
Unknown command.
d - a +4 ring of protection (left tentacle)
Found a stone staircase leading down.
The orc hits you with a +0 war axe!
Ouch! That really hurt!
You die...

#. #>
#.####
.... ..o#
#o.# #o.#
###.###@.#
+.._###..#
###w###.##
#.#
.###+###.#
.........#
####.#.##
##...# #..
#...)#


You could see a worm (asleep), an orc priest and 2 orcs.

Vanquished Creatures
  A giant cockroach (D:3)
1 creature vanquished.

Notes
Turn   | Place    | Note
-------+----------+-------------------------------------------
     0 | D:5      | ANON1729 the Octopode Delver began the quest for the Orb.
     0 | D:5      | Reached XP level 1. HP: 16/16 MP: 1/1
     1 | D:5      | Noticed a howler monkey
    25 | D:5      | Noticed Edmund
    28 | D:5      | Found a burning altar of Makhleb.
    47 | D:4      | Found Luupp's Magic Scroll Shop.
    59 | D:3      | Found a basalt altar of Yredelemnul.
    88 | D:3      | Found a hide-covered altar of Uskayaw.
    89 | D:3      | Noticed an orc priest
    92 | D:3      | Mangled by an orc

Illustrated notes

Levels and vault maps discovered:
D:3:      layout_loops_cross, lemuel_crystal_altar, lemuel_doored_altar,
          yredelemnul_altar_generic
D:4:      layout_gridville, minmay_temple_entry_overgrown, serial_shops,
          nicolae_shop_overgrown_old_shop, shop, shop_scrolls, shop, shop,
          evilmike_ruin_ashenzari
D:5:      layout_loops_cross, grunt_temple_overflow_cloverleaf, basic_altar,
          uniq_edmund

Action                   || total
-------------------------++-------
Melee: Unarmed           ||     1
  Use: Potion            ||     1
 Stab: Sleeping          ||     1
Dodge: Dodged            ||     3

Table legend: (Time is in decaauts)
 A = Elapsed time spent in this place.
 B = Non-inter-level travel time spent in this place.
 C = Inter-level travel time spent in this place.
 D = Time resting spent in this place.
 E = Time spent auto-exploring this place.
 F = Levels seen in this place.
 G = Mean time per level.
                   A        B        C        D        E       F      G
               +--------+--------+--------+--------+--------+-----+--------+
         Total |     81 |     81 |      0 |      0 |      1 |   3 |   27.0 |
       Dungeon |     81 |     81 |      0 |      0 |      1 |   3 |   27.0 |
               +--------+--------+--------+--------+--------+-----+--------+

Top non-repeatable levels by time:
     D:5: 40 daAuts
     D:3: 22 daAuts
     D:4: 18 daAuts
